[ AOE2 MATCH · #480085716 ]
UnrankedItalians vs Chinese
[ REPLAY ANALYSIS · EXTRACTED FROM THE RECORDED GAME ]
Feudal
—
Castle
—
Imperial
—
| APM avg | 15.1 |
| APM peak | 27 |
| eAPM avg | 5.7 |
| Villagers / military | 8 / 0 |
Focus
⚔️ 10.0% · 🌾 90.0%
Feudal
—
Castle
—
Imperial
—
| APM avg | 25.7 |
| APM peak | 42 |
| eAPM avg | 6.9 |
| Villagers / military | 12 / 0 |
Focus
⚔️ 0.0% · 🌾 100.0%
Feudal
—
Castle
—
Imperial
—
| APM avg | 39.7 |
| APM peak | 43 |
| eAPM avg | 16.0 |
| Villagers / military | 11 / 0 |
Focus
⚔️ 5.1% · 🌾 94.9%
Feudal
—
Castle
—
Imperial
—
| APM avg | 4.3 |
| APM peak | 15 |
| eAPM avg | 3.4 |
| Villagers / military | 8 / 0 |
Focus
⚔️ 0.0% · 🌾 100.0%
Feudal
—
Castle
—
Imperial
—
| APM avg | 2.0 |
| APM peak | 7 |
| eAPM avg | 2.0 |
| Villagers / military | 0 / 0 |
Feudal
—
Castle
—
Imperial
—
| APM avg | 6.0 |
| APM peak | 21 |
| eAPM avg | 3.4 |
| Villagers / military | 3 / 0 |
Focus
⚔️ 0.0% · 🌾 100.0%
Feudal
—
Castle
—
Imperial
—
| APM avg | 9.7 |
| APM peak | 28 |
| eAPM avg | 6.3 |
| Villagers / military | 5 / 0 |
Focus
⚔️ 0.0% · 🌾 100.0%
Feudal
—
Castle
—
Imperial
—
| APM avg | 6.9 |
| APM peak | 24 |
| eAPM avg | 3.4 |
| Villagers / military | 0 / 0 |
Focus
⚔️ 0.0% · 🌾 100.0%
Match map
Initial resources + every placement click. Lines = walls · curves = elevation contours. ◆ gold · ⬟ stone · ● berries · ✦ relic · ◌ wall gap
Your base
zweihannes178's base
violent_villager's base
Stephen Curry's base
BhAnGeDs1's base
mlovdada's base
SilentSpoom's base
Theoden_King's base
Smoothed initial terrain · ◌ = detected wall gap · hover for details
Inputs per minute
— Caroochen - - zweihannes178
Build order — Caroochen
8 actions detected in the replay
| 0:04 | Build | House |
| 0:08 | Build | House |
| 0:11 | Create | Villager (Male) ×4 |
| 3:12 | Research | Loom |
| 3:13 | Create | Villager (Male) |
| 3:13 | Create | Villager (Male) |
| 3:13 | Create | Villager (Male) |
| 3:14 | Create | Villager (Male) |
Build order — zweihannes178
16 actions detected in the replay
| 0:05 | Create | Villager (Male) |
| 0:05 | Create | Villager (Male) |
| 0:05 | Create | Villager (Male) |
| 0:05 | Create | Villager (Male) |
| 0:06 | Create | Villager (Male) |
| 0:10 | Build | House |
| 0:10 | Build | House |
| 0:15 | Build | House |
| 0:15 | Build | House |
| 1:26 | Create | Villager (Male) |
| 1:27 | Create | Villager (Male) |
| 2:12 | Create | Villager (Male) |
| 2:13 | Create | Villager (Male) |
| 2:51 | Create | Villager (Male) |
| 2:51 | Create | Villager (Male) |
| 2:52 | Create | Villager (Male) |
Build order — violent_villager
14 actions detected in the replay
| 0:01 | Create | Villager (Male) |
| 0:02 | Create | Villager (Male) |
| 0:04 | Build | House |
| 0:05 | Build | House |
| 0:21 | Create | Villager (Male) |
| 0:21 | Create | Villager (Male) |
| 0:22 | Create | Villager (Male) |
| 0:22 | Create | Villager (Male) |
| 1:33 | Create | Villager (Male) |
| 1:53 | Build | Lumber Camp |
| 2:09 | Create | Villager (Male) |
| 2:09 | Create | Villager (Male) |
| 2:47 | Create | Villager (Male) |
| 2:47 | Create | Villager (Male) |
Build order — Stephen Curry
5 actions detected in the replay
| 0:05 | Build | House |
| 0:06 | Build | House |
| 0:07 | Build | House |
| 0:10 | Create | Villager (Male) ×4 |
| 0:10 | Create | Villager (Male) ×4 |
Build order — BhAnGeDs1
0 actions detected in the replay
Build order — mlovdada
5 actions detected in the replay
| 0:02 | Create | Villager (Male) |
| 0:03 | Create | Villager (Male) |
| 0:03 | Create | Villager (Male) |
| 0:04 | Build | House |
| 0:06 | Build | House |
Build order — SilentSpoom
7 actions detected in the replay
| 0:03 | Build | House |
| 0:04 | Build | House |
| 0:07 | Create | Villager (Male) |
| 0:07 | Create | Villager (Male) |
| 0:07 | Create | Villager (Male) |
| 0:07 | Create | Villager (Male) |
| 0:08 | Create | Villager (Male) |
Build order — Theoden_King
2 actions detected in the replay
| 0:03 | Build | House |
| 0:14 | Research | Loom |
Match timeline
| 0:10 | BhAnGeDs1 · resign |
[ AI ANALYSIS · 1 CREDIT ]
What really happened in this match?
Wolo.gg analyzes every decision: build order, eco, micro, common mistakes by bracket. Personalized analysis on WhatsApp or Discord in 30 seconds.
Civ guide
Italians
Map guide
Black Forest
Perfil
Jugador #11623830